 Dungeon Crawl Stone Soup version 0.29-a0-284-gf9362112df (webtiles) character file.

Game seed: 8198796112229621742

35 siradein the Caller (level 3, 0/20 HPs)
             Began as a Tengu Summoner on Mar 31, 2022.
             Slain by a quokka (3 damage)
             ... on level 2 of the Dungeon.
             The game lasted 00:01:51 (1781 turns).

siradein the Caller (Tengu Summoner)                Turns: 1781, Time: 00:01:52

Health: 0/20       AC:  2    Str:  8    XL:     3   Next: 35%
Magic:  6/7        EV: 12    Int: 17    God:
Gold:   54         SH:  0    Dex: 14    Spells: 0/6 levels left

rFire   . . .      SeeInvis .   (no weapon)
rCold   . . .      Faith    .   (no shield)
rNeg    . . .      Spirit   .   a - +0 robe
rPois   .          Reflect  .   (helmet restricted)
rElec   .          Harm     .   (no cloak)
rCorr   .          Rampage  .   (no gloves)
Will    .....                   (boots unavailable)
Stlth   ++........              (no amulet)
HPRegen 0.06/turn               (no ring)
MPRegen 0.10/turn               (no ring)

@: no status effects
A: beak, talons 3
a: no special abilities


You were on level 2 of the Dungeon.
You visited 1 branch of the dungeon, and saw 2 of its levels.

You collected 54 gold pieces.

Inventory:

Armour
 a - a +0 robe (worn)
Scrolls
 d - 2 scrolls of fear {unknown}
 e - a scroll of identify {unknown}
 f - a scroll of enchant armour {unknown}
Potions
 b - a potion of magic
 c - a potion of curing {unknown}


   Skills:
 + Level 1.1 Fighting
 + Level 2.8 Dodging
 - Level 2.0 Stealth
 + Level 2.4 Spellcasting
 + Level 5.2 Summonings


You couldn't memorise any spells.
You knew the following spells:

 Your Spells              Type           Power      Damage    Failure   Level
a - Summon Small Mammal   Summ           76%        N/A       2%          1
b - Call Imp              Summ           19%        N/A       3%          2
c - Call Canine Familiar  Summ           19%        N/A       7%          3

Your spell library contained the following spells:

 Spells                   Type           Power      Damage    Failure   Level
 Summon Guardian Golem    Hex/Summ       10%        N/A       19%         3
 Summon Lightning Spire   Summ/Air       10%        N/A       54%         4


Dungeon Overview and Level Annotations

Branches:
Dungeon (2/15)

Altars:


Innate Abilities, Weirdness & Mutations

You have a beak for a mouth.
You have claws for feet.


Message History

A beastly little devil appears in a puff of flame.
You hit the quokka but do no damage. The quokka barely misses you.
The bat closely misses your crimson imp.
The quokka bites you.
Your crimson imp barely misses the quokka.
You barely miss the quokka. The bat closely misses you.
The bat barely misses you.
The kobold throws a stone.
The stone hits you but does no damage. The quokka bites you.
Your crimson imp hits the quokka.
You hit the quokka but do no damage. Your kick misses the quokka.
The quokka is moderately wounded.
The bat barely misses you. The quokka closely misses you.
Your crimson imp hits the quokka but does no damage.
You hit the quokka but do no damage. You peck the quokka.
The quokka is heavily wounded.
The bat hits you but does no damage. The quokka bites you. The bat hits you.
Your crimson imp blinks!
You are too injured to fight recklessly!
You are too injured to fight recklessly!
You are too injured to fight recklessly!
The quokka barely misses you. The bat hits you but does no damage.
The quokka attacks as you move away! The quokka bites you.
* * * LOW HITPOINT WARNING * * *
The quokka attacks as you move away! The quokka misses you.
The bat attacks as you move away! The bat hits you.
* * * LOW HITPOINT WARNING * * *
The bat closely misses you.
Your crimson imp blinks!
The kobold attacks as you move away! The kobold barely misses you.
The quokka attacks as you move away! The quokka closely misses you.
The quokka attacks as you move away! The quokka closely misses you.
The kobold attacks as you move away! The kobold barely misses you.
The quokka barely misses you. The kobold attacks as you move away!
The kobold misses you.
The quokka twitches its whiskers.
The quokka bites you.
* * * LOW HITPOINT WARNING * * *
There is a stone staircase leading up here.
The quokka bites you.
You die...

.. #..#####..........
#..###................. #.
#....<..##..#.........###..
#...................#.....#
.#.....#...K##..........###
.!........#...b............
..........####r..........#
..........# ##r.........#
..........# ##@.).......#
..........# #.).........#
..........####.#.....>...#
.....(...###.............#
.#.....###...##............
#...†####.........###
....#.# #........... ###...
............. ...
..............


You could see 2 quokkas, a bat and a kobold.

Vanquished Creatures
  A worm (D:2)
  A dart slug (D:1)
  2 ball pythons (D:1)
  5 bats (D:1)
  2 endoplasms (D:1)
  A giant cockroach (D:2)
  A hobgoblin (D:1)
  A jackal (D:1)
  3 kobolds (D:1)
  3 goblins
20 creatures vanquished.

Vanquished Creatures (collateral kills)
  A ball python (D:1)
  2 jackals (D:1)
  2 quokkas
5 creatures vanquished.

Grand Total: 25 creatures vanquished

Notes
Turn   | Place    | Note
-------+----------+-------------------------------------------
     0 | D:1      | siradein the Tengu Summoner began the quest for the Orb.
     0 | D:1      | Reached XP level 1. HP: 10/10 MP: 4/4
   377 | D:1      | Reached XP level 2. HP: 15/16 MP: 6/6
   380 | D:1      | Learned a level 2 spell: Call Imp
   420 | D:1      | Found a faded altar of an unknown god.
   422 | D:1      | Reached skill level 5 in Summonings
   955 | D:1      | Reached skill level 1 in Fighting
   960 | D:1      | Reached XP level 3. HP: 9/20 MP: 7/7
   966 | D:1      | Learned a level 3 spell: Call Canine Familiar
  1781 | D:2      | Slain by a quokka

Illustrated notes

Levels and vault maps discovered:
D:1:      scummos_arrival_checkerplants, layout_rooms,
          hellmonk_ecumenical_altar_heavens_door, minivault_11
D:2:      layout_rooms, nrook_loot_triangle

Skill      XL: |  1  2 |
---------------+-------+-----
Summonings     | 5 |  5.2
Fighting       | 1 |  1.1
Dodging        | |  2.8
Stealth        | |  2.0
Spellcasting   | |  2.4

Action                   || total
-------------------------++-------
Melee: Unarmed           ||    77
       Kick              ||    22
       Peck              ||    13
       Punch             ||     1
 Cast: Summon Small Mamm ||     2
       Call Imp          ||    10
 Stab: Sleeping          ||     2
       Distracted        ||     2
Armor: Robe              ||    25
Dodge: Dodged            ||    61

Table legend: (Time is in decaauts)
 A = Elapsed time spent in this place.
 B = Non-inter-level travel time spent in this place.
 C = Inter-level travel time spent in this place.
 D = Time resting spent in this place.
 E = Time spent auto-exploring this place.
 F = Levels seen in this place.
 G = Mean time per level.
                   A        B        C        D        E       F      G
               +--------+--------+--------+--------+--------+-----+--------+
         Total |   1781 |   1760 |     21 |    493 |   1056 |   2 |  890.5 |
       Dungeon |   1781 |   1760 |     21 |    493 |   1056 |   2 |  890.5 |
               +--------+--------+--------+--------+--------+-----+--------+

Top non-repeatable levels by time:
     D:1: 1626 daAuts
     D:2: 155 daAuts
